Tone IV, chaotic female elven Wizard ----------------------------------------------------------------------------- |...|...|.......|.......|.|...........|.....|.............|.......|.........| |.|.|.|.---.---.---.---.|.|.-------.|.|.---.|.|.-------.|.---.----|.-----.|.| |.|...|.....|.....|...|...|.|.....|.|...|.....|.|...|>..|...|.....|.|.....|.| |.|.-------------.---.|----.|--.|.|.-----------.|.|.---.|--.|----.|.|.----|.| |.|.|...........|.....|.....|...|.|.........|...|.|...|.|.|.|...|...|.....|.| |.|--.---------.|----.|.-----.--|.---------.|----.|--.|W|.|.|.|.|.-------.--| |.|...|.......|.|...|.|.|.....|.|...|...|.|.|.....|.|.|@|.|...|.|.......|...| |.|.--|.---.---.|.|.|.|.---.|.|.|--.|.|.|.|.|.-----.|.|&|.-----.|.---------.| |...|.|...|.|...|.|...|...|.|.|.|...|.|...|.|.|.....|.|.|...|...|.|...|.....| |.---.---.|.|.--|.-------.|.|.|.|.---.|---|.|.-----.|.|.---.|.-----.|.|.---.| |.|.......|.|...|...|.....|.|.|...|...|...|.|.....|.|.|...|.|.|.....|.|.|...| |.|.-------.|--.|--.|.------|.---.---.|.|.|.|----.|.|.|.---.|.|.----|.|.---.| |.|.|...|...|...|.|.|.|.....|...|...|.|.|...|.....|.|.|.|...|.|.|...|.|...|.| |.|.|.---.|.|.---.|.|.|.---.|.|.|--.|.|.|---|.-----.|.--|.--|.|.|.|.|.|.|.--| |.|...|...|.|.|.....|...|...|.|.|.|.|.|.|...|.|.....|...|.|.|.|.|.|...|.|...| |.-----.---.|.-----------.-----.|.|.|.|.|.|.|.-----.---.|.|.|.|.|.---------.| |.......|...|...................|.....|...|...........|...|.....|...........| ----------------------------------------------------------------------------- Tone IV the Thaumaturge Experience level: 8 Strength: 10 Dexterity: 11 Constitution: 12 Intelligence: 15 Wisdom: 14 Charisma: 10 Health: 0(61) Energy: 54(100) Def: 11 Gold: 315 Moves: 2288 Dungeon seed: jnrVMTwN1dEJn7cK Game ID: Tone IV_1529269917 Your Inventory: Coins $ - 315 gold pieces Weapons a - a blessed +1 quarterstaff (weapon in hands) Armor e - an uncursed +0 cloak of magic resistance (being worn) q - a blessed +0 silver dragon scale mail (being worn) y - an uncursed -1 pair of speed boots (being worn) z - an uncursed +0 pair of leather gloves (being worn) Scrolls g - an uncursed scroll of create monster j - an uncursed scroll of blank paper J - a blessed scroll of blank paper N - an uncursed scroll of light V - a cursed scroll of teleportation named cursed X - 2 uncursed scrolls of blank paper Y - a blessed scroll of magic mapping Potions o - an uncursed potion of extra healing F - an uncursed potion of booze S - a blessed potion of oil W - an uncursed potion of water Rings c - an uncursed ring of polymorph control d - an uncursed ring of teleportation l - an uncursed ring of protection from shape changers (on right hand) m - a cursed ring of see invisible H - an uncursed ring of conflict P - a blessed ring of teleport control (on left hand) Wands b - a wand of digging (0:2) u - a cursed wand of make invisible (0:6) v - a wand of striking named empty (0:0) x - a wand of digging (0:3) B - a wand of striking named empty (0:0) C - a wand of striking (0:6) G - a wand of wishing (1:0) I - a cursed wand of digging (0:0) Q - a wand of sleep named empty (0:0) T - a wand of striking named empty (0:0) Z - a wand of sleep (0:3) Tools k - an uncursed skeleton key n - an uncursed blindfold p - a +0 pick-axe r - a magic marker named dry, uncharged (1:1) A - an uncursed skeleton key D - a cursed leather drum L - an uncursed oil lamp (lit) (0:957) Spells and supernatural/magical abilities: Name Level Category Fail Memory a - force bolt 1 attack 0% 89% r - remove curse 3 clerical 99% 96% s - slow monster 2 enchantment 0% 89% z - sleep 1 enchantment 0% 96% W - pray for help -- divine ? -- Your skills at the end: Fighting Skills Weapon Skills quarterstaff [Basic] Spellcasting Skills attack spells [Basic] enchantment spells [Basic] Final Attributes: You had transgressed. You were sleep resistant. You were magic-protected. You saw invisible. You had infravision. You were invisible to others. You had teleport control. You were protected from shape changers. You were very fast. You had reflection. You are dead. Vanquished creatures: a demilich 3 shopkeepers a lich a ghost a lieutenant a watch captain a stalker a water elemental a black naga a giant zombie a troll a stone giant a red naga 49 soldiers 4 watchmen a cockatrice a wolf a giant spider a horse an ogre 2 rust monsters a housecat a gnome mummy a wood nymph 2 gnome lords 3 gnomish wizards a golden naga hatchling a straw golem a paper golem a kitten 6 dwarves 2 hill orcs an orc zombie 2 coyotes 3 hobbits a manes a cave spider 24 gnomes a gecko a jackal a fox a kobold 3 goblins 5 grid bugs 4 newts 143 creatures vanquished. Genocided species: liches demiliches master liches arch-liches soldiers 5 species genocided. Voluntary challenges: You used a wielded weapon 77 times, starting on turn 41. You read items or engraved 453 times, starting on turn 306. You genocided 5 types of monsters, starting on turn 2152. You never polymorphed an object. You changed form 1 time, starting on turn 1057. You used 6 wishes, starting on turn 2264. You wished for your your first artifact on turn 2265. You never split a pudding. You wrote Elbereth's name 404 times, starting on turn 307. You violated your moral code, losing 123 points of alignment, starting on turn 1058. Dungeon overview: The Dungeons of Doom: levels 1 to 26 Level 1 a long staircase Level 2 a potion shop, a fountain Level 3 stairs to The Gnomish Mines Level 4 Level 5 Level 6 Level 7 Level 8 many fountains Level 9 a fountain stairs to Sokoban Level 10 some fountains Level 11 Level 12 Level 13 a fountain Level 14 Level 15 Level 16 Level 17 Level 18 Level 19 a fountain Level 20 Level 21 Level 22 Level 23 Level 24 Level 25 Level 26 a fountain, a throne Gehennom: levels 27 to 30 Level 27 stairs to The Dungeons of Doom Level 28 Level 29 Level 30 <- You were here The Gnomish Mines: levels 4 to 7 Level 4 stairs to The Dungeons of Doom Level 5 Level 6 Level 7 many shops, a temple to Anhur, some fountains Sokoban: Level 8 stairs to The Dungeons of Doom History has recorded: On T:1 you entered the Dungeons of Doom to retrieve the Amulet of Yendor! On T:2 you reached level 2 of The Dungeons of Doom. On T:295 you reached level 3 of The Dungeons of Doom. On T:396 you reached level 1 of The Gnomish Mines. On T:411 you advanced to experience level 2. On T:447 you advanced to experience level 3. On T:483 you advanced to experience level 4. On T:692 you advanced to experience level 5. On T:761 you reached level 2 of The Gnomish Mines. On T:800 you reached level 3 of The Gnomish Mines. On T:851 you reached level 4 of The Gnomish Mines. On T:1059 you advanced to experience level 6. On T:1072 you advanced to experience level 7. On T:1189 you advanced to experience level 8. On T:1591 you reached level 4 of The Dungeons of Doom. On T:1604 you reached level 5 of The Dungeons of Doom. On T:1619 you reached level 6 of The Dungeons of Doom. On T:1637 you reached level 7 of The Dungeons of Doom. On T:1652 you reached level 8 of The Dungeons of Doom. On T:1680 you reached level 9 of The Dungeons of Doom. On T:1694 you reached level 4 of Sokoban. On T:1787 you reached level 10 of The Dungeons of Doom. On T:1788 you reached level 11 of The Dungeons of Doom. On T:1817 you reached level 12 of The Dungeons of Doom. On T:1845 you reached level 13 of The Dungeons of Doom. On T:1864 you reached level 14 of The Dungeons of Doom. On T:1877 you reached level 15 of The Dungeons of Doom. On T:1891 you reached level 16 of The Dungeons of Doom. On T:1906 you reached level 17 of The Dungeons of Doom. On T:1919 you reached level 18 of The Dungeons of Doom. On T:1934 you reached level 19 of The Dungeons of Doom. On T:1954 you reached level 20 of The Dungeons of Doom. On T:1983 you reached level 21 of The Dungeons of Doom. On T:1989 you reached level 22 of The Dungeons of Doom. On T:2003 you reached level 23 of The Dungeons of Doom. On T:2029 you reached level 24 of The Dungeons of Doom. On T:2034 you reached level 25 of The Dungeons of Doom. On T:2036 you reached The Castle. On T:2264 you wished for "2 blessed scrolls of charging". On T:2265 you wished for "blessed master key of thievery". On T:2266 you wished for "blessed ring of teleport control". On T:2273 you reached The Valley of the Dead. On T:2273 you wished for "2 cursed scrolls of teleportation". On T:2274 you reached level 2 of Gehennom. On T:2276 you reached level 3 of Gehennom. On T:2276 you wished for "blessed +2 silver dragon scale mail". On T:2282 you reached level 4 of Gehennom. On T:2283 you wished for "2 blessed scrolls of magic mapping". Score breakdown: Gold: 315 ( 8503 points) Experience: 8 levels (14739 points) Exploration: 30 levels ( 62.50%) (23565 points) Discoveries: 24 items ( 8.66%) ( 8830 points) Valuables value: (no points given unless you survive) Artifact value: 0 ( 0 points) Variety of kills: 45 monsters ( 11.81%) (10310 points) Turncount: 2288 turns ( -199 points) Survival: died (score multiplied by 80%) Total score: 52598 Latest messages: The invisible Asmodeus drinks a potion of gain level! The invisible Asmodeus seems more experienced. Please move the cursor to an unknown object. Tone IV's ghost on the floor of a room. Please move the cursor to an unknown object. Tone IV's ghost on the floor of a room. Asmodeus appears before you. Asmodeus demands 204 zorkmids for safe passage. You refuse. Asmodeus gets angry... Asmodeus zaps an iron wand! The bolt of fire hits you! But it reflects from your armor! The bolt of fire hits Asmodeus. Tone IV's ghost touches you! Asmodeus zaps a wand of fire! The bolt of fire whizzes by you! The bolt of fire hits Tone IV's ghost! Asmodeus hits! Asmodeus casts a spell at you! You are covered in frost. You die... Final status: Goodbye Tone IV the Wizard, killed by Asmodeus... You died in Gehennom on dungeon level 30 with 52598 points, and 315 pieces of gold, after 2288 moves. You were level 8 with a maximum of 61 hit points when you died.